 Dungeon Crawl Stone Soup version 0.27-a0-836-gfc908b8576 (webtiles) character file.

Game seed: 10784249118982576543

6 polve the Skirmisher (level 1, 0/18 HPs)
             Began as a Demonspawn Abyssal Knight on Apr 1, 2021.
             Was an Initiate of Lugonu.
             Slain by a jackal (2 damage)
             ... on level 1 of the Dungeon.
             The game lasted 00:00:26 (241 turns).

polve the Skirmisher (Demonspawn Abyssal Knight)     Turns: 241, Time: 00:00:26

Health: 0/18       AC:  3    Str: 12    XL:     1   Next: 75%
Magic:  2/2        EV: 11    Int: 13    God:    Lugonu [......]
Gold:   18         SH:  0    Dex: 12    Spells: 0/0 levels left

rFire    . . .     SeeInvis .   a - +1 falchion
rCold    . . .     Faith    .   (no shield)
rNeg     . . .     Spirit   .   b - +0 leather armour
rPois    .         Reflect  .   (no helmet)
rElec    .         Harm     .   (no cloak)
rCorr    .         Rampage  .   (no gloves)
Will     .....                  (no boots)
Stlth    +.........             (no amulet)
HPRegen  0.06/turn              (no ring)
MPRegen  0.08/turn              (no ring)

@: no status effects
A: no striking features
a: Renounce Religion


You were on level 1 of the Dungeon.
You worshipped Lugonu.
Lugonu was noncommittal.
You visited 1 branch of the dungeon, and saw 1 of its levels.
You visited the Abyss 1 time.

You collected 18 gold pieces.

Inventory:

Hand Weapons
 a - a +1 falchion (weapon)
Armour
 b - a +0 leather armour (worn)
 c - a +0 pair of boots


   Skills:
 - Level 3.0 Fighting
 + Level 2.3 Long Blades
 - Level 1.7 Armour
 - Level 0.8 Dodging
 - Level 2.4 Invocations


You couldn't memorise any spells.
You didn't know any spells.
Your spell library was empty.

Dungeon Overview and Level Annotations

Branches:
Dungeon (1/15)

Altars:


Message History

You hit the jackal.
The jackal is moderately wounded.
The jackal bites you. x2
You hit the jackal but do no damage.
The jackal is moderately wounded.
The jackal closely misses you.
You riposte.
You closely miss the jackal.
The jackal is moderately wounded.
The jackal bites you.
* * * LOW HITPOINT WARNING * * *
You hit the jackal but do no damage.
The jackal is moderately wounded.
The jackal barely misses you.
You closely miss the jackal.
The jackal is moderately wounded.
The jackal bites you.
* * * LOW HITPOINT WARNING * * *
The jackal completely misses you.
You riposte.
You hit the jackal.
You kill the jackal!
Lugonu accepts your kill.
You hit the hobgoblin.
You kill the hobgoblin!
Lugonu accepts your kill.
You barely miss the jackal. The jackal barely misses you.
You riposte.
You hit the jackal.
The jackal is severely wounded.
The jackal bites you.
* * * LOW HITPOINT WARNING * * *
You closely miss the jackal.
The jackal is severely wounded.
The jackal barely misses you.
The jackal bites you but does no damage.
You hit the jackal.
You kill the jackal!
Lugonu accepts your kill.
You closely miss the jackal. The jackal barely misses you.
You riposte.
You hit the jackal but do no damage. The jackal barely misses you.
You closely miss the jackal.
The jackal bites you but does no damage.
The jackal bites you.
You die...

#......########
#......##.....#
#.............#
#.............############
##............#......(...#
###.......####..........#
##.......# #..........#
#........####...†......##.
#.>.......h@.............
#.......†####..........#
#......... #..........#
#...>...... #..........#
#..........#####....####
#....####### #....# #....
##.###
######################.#
#M#T#i#B#K#9#n#o#m#N##.#


You could see a jackal.

Vanquished Creatures
  A hobgoblin (D:1)
  2 jackals (D:1)
  A ball python (D:1)
  2 rats (D:1)
6 creatures vanquished.

Notes
Turn   | Place    | Note
-------+----------+-------------------------------------------
     0 | Abyss:1  | polve the Demonspawn Abyssal Knight began the quest for the
                  | Orb.
     0 | Abyss:1  | Reached XP level 1. HP: 18/18 MP: 2/2
    75 | Abyss:1  | Noticed a large abomination
   115 | Abyss:1  | Noticed a thrashing horror
   118 | D:1      | Escaped the Abyss
   133 | D:1      | Noticed a vine stalker
   133 | D:1      | Noticed a centaur
   135 | D:1      | Noticed an elf
   135 | D:1      | Noticed a vampire
   137 | D:1      | Noticed a human
   137 | D:1      | Noticed a tengu
   139 | D:1      | Noticed a palentonga
   141 | D:1      | Noticed a troll
   141 | D:1      | Noticed a dwarf
   143 | D:1      | Noticed a spriggan
   143 | D:1      | Noticed a draconian
   145 | D:1      | Noticed a formicid
   145 | D:1      | Noticed a demonspawn
   147 | D:1      | Noticed a minotaur
   149 | D:1      | Noticed a gargoyle
   149 | D:1      | Noticed an octopode
   151 | D:1      | Noticed a ghoul
   151 | D:1      | Noticed an ogre
   153 | D:1      | Noticed a demigod
   155 | D:1      | Noticed a merfolk
   155 | D:1      | Noticed a barachi
   157 | D:1      | Noticed a naga
   157 | D:1      | Noticed a felid
   241 | D:1      | Slain by a jackal

Illustrated notes

Levels and vault maps discovered:
D:1:      kb_arrival_jail, layout_basic, serial_shops, shop_statue, shop_statue,
          shop

Skill      XL: |  1 |
---------------+----+-----
Long Blades    | 2 |  2.3
Fighting       | |  3.0
Armour         | |  1.7
Dodging        | |  0.8
Invocations    | |  2.4

Action                   || total
-------------------------++-------
Melee: Falchion          ||    21
Invok: Depart the Abyss  ||     1
Armor: Leather armour    ||     3
Dodge: Dodged            ||    27
       Rpst.: Falchion   ||     8

Table legend: (Time is in decaauts)
 A = Elapsed time spent in this place.
 B = Non-inter-level travel time spent in this place.
 C = Inter-level travel time spent in this place.
 D = Time resting spent in this place.
 E = Time spent auto-exploring this place.
 F = Levels seen in this place.
 G = Mean time per level.
                   A        B        C        D        E       F      G
               +--------+--------+--------+--------+--------+-----+--------+
         Total |    244 |    244 |      0 |      0 |    193 |   2 |  122.0 |
       Dungeon |    126 |    126 |      0 |      0 |     79 |   1 |  126.0 |
         Abyss |    118 |    118 |      0 |      0 |    114 |   1 |  118.0 |
               +--------+--------+--------+--------+--------+-----+--------+

Top non-repeatable levels by time:
     D:1: 126 daAuts
 Abyss:1: 118 daAuts
